 Dungeon Crawl Stone Soup version 0.27.1-33-g824d729ab1 (webtiles) character file.

Game seed: 4257282583688314545

728833 comborobin the Acrobat (level 27, -1/226 HPs)
             Began as a Gnoll Delver on Dec 28, 2021.
             Was the Champion of Cheibriados.
             Killed from afar by a hellion (31 damage)
             ... with damnation
             ... summoned by a shadow demon
             ... called by a doom hound
             ... on level 26 of a ziggurat.
             The game lasted 03:28:46 (66722 turns).

comborobin the Acrobat (Gnoll Delver)              Turns: 66722, Time: 03:28:46

Health: -1/226     AC: 30    Str: 27    XL:     27
Magic:  55/55      EV: 69    Int: 47    God:    Cheibriados [******]
Gold:   7157       SH:  0    Dex: 38    Spells: 3/65 levels left

rFire    . . .     SeeInvis .     - Unarmed
rCold    + . .     Faith    .   (shield currently unavailable)
rNeg     . . .     Spirit   .   (armour currently unavailable)
rPois    ∞         Reflect  .   (helmet currently unavailable)
rElec    +         Harm     +   (cloak currently unavailable)
rCorr    .         Rampage  .   (gloves currently unavailable)
Will     ++...                  (boots currently unavailable)
Stlth    ++++......             a - amulet of Yfihy {Harm Regen+ Slay+3}
HPRegen  1.47/turn              X - ring of Orthodoxy {Contam MP+9 Int+7 Dex+6 Stlth+}
MPRegen  0.34/turn              I - ring of Xiaq {rC+ Int+6 Slay+2}

@: confused, mighty, brilliant, storm-form, ambrosia-drunk, flying, studying 5
skills, very slow
A: cleaving, flying, (fangs 1), strong nose, distributed training, (shaggy fur
1), (electricity resistance), wild magic 1
}: 4/15 runes: barnacled, silver, abyssal, gossamer
a: Blinkbolt, End Transformation, Renounce Religion, Bend Time, Temporal
Distortion, Slouch, Step From Time


You were on level 26 of a ziggurat.
You worshipped Cheibriados.
Cheibriados was exalted by your worship.
You were a lightning-filled tempest!
You visited 9 branches of the dungeon, and saw 45 of its levels.
You visited the Abyss 2 times.
You visited 1 ziggurat, and saw 26 of its levels.
You also visited: Trove and Ice Cave.

You collected 8537 gold pieces.
You spent 1380 gold pieces at shops.

Inventory:

Hand Weapons
 y - the +8 Vampire's Tooth {vamp}
   (You took it off a deep elf annihilator on level 2 of the Elven Halls)

   It occasionally heals its wielder for the full amount of damage dealt when it
   wounds a living foe.
Missiles
 i - 22 throwing nets (quivered)
 s - 100 silver javelins
 t - 23 curare-tipped darts
Armour
 b - a +1 tower shield of protection
 d - a +2 cloak of willpower (melded)
 k - a +2 pair of gloves (melded)
 C - the +0 robe of Zejaim (melded) {rF+ Will+ Stlth+ Archmagi}
   (You found it on level 4 of the Dungeon)

   rF:        It protects you from fire.
   Archmagi:  It increases the power of your magical spells.
   Will:      It increases your willpower.
   Stlth:     It makes you more stealthy.
 G - the +1 pair of boots of the Flute (melded) {Contam rElec Str+2 Slay+5}
   (You acquired it on level 7 of the Dungeon)

   Str:       It affects your strength (+2).
   Slay:      It affects your accuracy & damage with ranged weapons and melee
   (+5).
   rElec:     It insulates you from electricity.
   Contam:    It causes magical contamination when unequipped.
 L - a +2 helmet of see invisible (melded)
 N - +7 pearl dragon scales
 O - a +5 kite shield (melded)
 Q - the +0 pair of gloves of the Bagpipe {rPois rC- Str+4 Int+6}
   (You acquired it on level 1 of the Shoals)

   Str:       It affects your strength (+4).
   Int:       It affects your intelligence (+6).
   rC:        It makes you vulnerable to cold.
   rPois:     It protects you from poison.
 U - a +0 cloak of cold resistance
Magical Staves
 j - a staff of air (melded)
 H - a staff of fire
Jewellery
 a - the amulet of Yfihy (around neck) {Harm Regen+ Slay+3}
   (You bought it in a shop on level 2 of the Depths)

   [amulet of regeneration]

   Slay:      It affects your accuracy & damage with ranged weapons and melee
   (+3).
   Regen:     It increases your rate of health regeneration.
   Harm:      It increases damage dealt and taken.
 w - the amulet of Plog {Acrobat rF+ Str+4 Dex-3 Slay+2}
   (You acquired it on level 3 of the Elven Halls)

   [amulet of the acrobat]

   It increases your evasion while moving and waiting.
   Str:       It affects your strength (+4).
   Dex:       It affects your dexterity (-3).
   Slay:      It affects your accuracy & damage with ranged weapons and melee
   (+2).
   rF:        It protects you from fire.
 x - the ring "Wafoety" {rElec rC+ Int+6}
   (You found it on level 23 of a ziggurat)

   [ring of intelligence]

   Int:       It affects your intelligence (+6).
   rC:        It protects you from cold.
   rElec:     It insulates you from electricity.
 z - the amulet "Tuihalu" {Faith rF+ rC+}
   (You found it on level 25 of a ziggurat)

   [amulet of faith]

   It allows you to gain divine favour quickly.
   rF:        It protects you from fire.
   rC:        It protects you from cold.
 B - the ring of Wusirrumn {rN++ Will- AC+4 Str+3}
   (You found it on level 14 of a ziggurat)

   [ring of protection]

   AC:        It affects your AC (+4).
   Str:       It affects your strength (+3).
   rN:        It greatly protects you from negative energy.
   Will:      It decreases your willpower.
 I - the ring of Xiaq (right hand) {rC+ Int+6 Slay+2}
   (You found it on level 17 of a ziggurat)

   [ring of intelligence]

   Int:       It affects your intelligence (+6).
   Slay:      It affects your accuracy & damage with ranged weapons and melee
   (+2).
   rC:        It protects you from cold.
 M - an amulet of magic regeneration
 R - the ring of Egalitarianism {rElec rF+ Will+ SInv Stlth+}
   (You found it on level 24 of a ziggurat)

   [ring of see invisible]

   rF:        It protects you from fire.
   rElec:     It insulates you from electricity.
   SInv:      It lets you see invisible.
   Will:      It increases your willpower.
   Stlth:     It makes you more stealthy.
 S - the amulet of Feppom {+Blink Regen+ Dex+6}
   (You found it on level 22 of a ziggurat)

   [amulet of regeneration]

   Dex:       It affects your dexterity (+6).
   +Blink:    It lets you blink.
   Regen:     It increases your rate of health regeneration.
 X - the ring of Orthodoxy (left hand) {Contam MP+9 Int+7 Dex+6 Stlth+}
   (You found it on level 21 of a ziggurat)

   [ring of dexterity]

   Int:       It affects your intelligence (+7).
   Dex:       It affects your dexterity (+6).
   MP:        It affects your magic capacity (+9).
   Contam:    It causes magical contamination when unequipped.
   Stlth:     It makes you more stealthy.
Wands
 g - a wand of digging (4)
 r - a wand of iceblast (82)
 W - a wand of acid (3)
Scrolls
 c - 9 scrolls of fog
 e - 7 scrolls of fear
 f - 59 scrolls of identify
 h - 6 scrolls of magic mapping
 q - 8 scrolls of holy word
 u - 6 scrolls of teleportation
 v - 2 scrolls of blinking
 J - 5 scrolls of amnesia
 Y - 2 scrolls of immolation
Potions
 n - 7 potions of ambrosia
 o - 3 potions of brilliance
 p - 10 potions of mutation
 A - 4 potions of attraction
 D - 10 potions of curing
 E - 4 potions of flight
 F - 3 potions of magic
 K - 2 potions of cancellation
 P - 5 potions of might
 V - 8 potions of lignification
 Z - a potion of resistance
Miscellaneous
 l - a condenser vane
 m - a tin of tremorstones (2/2)


   Skills:
 + Level 20.5 Fighting
 + Level 20.8 Short Blades
 + Level 19.8 Long Blades
 + Level 19.8 Axes
 + Level 19.8 Maces & Flails
 + Level 19.8 Polearms
 + Level 21.1 Staves
 + Level 19.8 Slings
 + Level 19.8 Bows
 + Level 19.8 Crossbows
 + Level 19.8 Throwing
 + Level 19.8 Armour
 + Level 25.3 Dodging
 + Level 21.2 Stealth
 + Level 24.4 Shields
 + Level 19.8 Unarmed Combat
 + Level 19.8 Spellcasting
 + Level 17.1 Conjurations
 + Level 17.1 Hexes
 + Level 17.1 Summonings
 + Level 17.1 Necromancy
 + Level 17.1 Translocations
 + Level 17.1 Transmutations
 + Level 17.1 Fire Magic
 + Level 18.2 Ice Magic
 + Level 17.1 Air Magic
 + Level 17.1 Earth Magic
 + Level 17.1 Poison Magic
 + Level 21.2 Invocations
 + Level 24.1 Evocations


You had 3 spell levels left.
You knew the following spells:

 Your Spells              Type           Power      Damage    Failure   Level
a - Ignition              Fire           79%        3d21      4%          8
g - Sublimation of Blood  Necr           79%        N/A       1%          2
h - Passage of Golubria   Tloc           N/A        N/A       1%          4
A - Apportation           Tloc           100%       N/A       1%          1
C - Borgnjor's Vile Clut  Necr/Erth      79%        N/A       1%          5
F - Infestation           Necr           79%        N/A       4%          8
N - Necromutation         Tmut/Necr      79%        N/A       4%          8
O - Eringya's Noxious Bo  Tmut/Pois      79%        N/A       1%          6
P - Silence               Hex/Air        79%        N/A       1%          5
R - Storm Form            Tmut/Air       79%        N/A       1%          7
S - Wereblood             Tmut           100%       N/A       1%          2
T - Statue Form           Tmut/Erth      100%       N/A       1%          6

Your spell library contained the following spells:

 Spells                   Type           Power      Damage    Failure   Level
 Animate Skeleton         Necr           100%       N/A       1%          1
 Beastly Appendage        Tmut           100%       N/A       1%          1
 Corona                   Hex            100%       N/A       1%          1
 Foxfire                  Conj/Fire      100%       2x1d9     1%          1
 Magic Dart               Conj           100%       1d8       1%          1
 Pain                     Necr           100%       1d9       1%          1
 Sandblast                Erth           100%       2d20      1%          1
 Shock                    Conj/Air       100%       1d9       1%          1
 Sting                    Tmut/Pois      100%       1d8       1%          1
 Summon Small Mammal      Summ           100%       N/A       1%          1
 Blink                    Tloc           N/A        N/A       1%          2
 Call Imp                 Summ           100%       N/A       1%          2
 Corpse Rot               Necr/Air       N/A        N/A       1%          2
 Ensorcelled Hibernation  Hex/Ice        100%       N/A       1%          2
 Passwall                 Tmut/Erth      100%       N/A       1%          2
 Poisonous Vapours        Pois/Air       100%       N/A       1%          2
 Searing Ray              Conj           100%       3d7       1%          2
 Slow                     Hex            100%       N/A       1%          2
 Static Discharge         Conj/Air       100%       N/A       1%          2
 Call Canine Familiar     Summ           100%       N/A       1%          3
 Confusing Touch          Hex            100%       N/A       1%          3
 Conjure Flame            Conj/Fire      100%       6-21      1%          3
 Dazzling Flash           Conj/Hex       100%       N/A       1%          3
 Frozen Ramparts          Ice            100%       1d12      1%          3
 Gell's Gravitas          Tloc           79%        N/A       1%          3
 Ignite Poison            Fire/Tmut/Pois 100%       N/A       1%          3
 Inner Flame              Hex/Fire       100%       N/A       1%          3
 Lesser Beckoning         Tloc           79%        N/A       1%          3
 Mephitic Cloud           Conj/Pois/Air  100%       N/A       1%          3
 Ozocubu's Armour         Ice            100%       N/A       1%          3
 Portal Projectile        Hex/Tloc       100%       N/A       1%          3
 Spider Form              Tmut/Pois      79%        N/A       1%          3
 Stone Arrow              Conj/Erth      100%       3d13      1%          3
 Summon Guardian Golem    Hex/Summ       100%       N/A       1%          3
 Swiftness                Air            100%       N/A       1%          3
 Teleport Other           Tloc           100%       N/A       1%          3
 Tukima's Dance           Hex            100%       N/A       1%          3
 Vampiric Draining        Necr           79%        2d17      1%          3
 Airstrike                Air            79%        N/A       1%          4
 Animate Armour           Summ/Erth      100%       N/A       1%          4
 Animate Dead             Necr           79%        N/A       1%          4
 Cause Fear               Hex            79%        N/A       1%          4
 Dispel Undead            Necr           100%       3d31      1%          4
 Fulminant Prism          Conj/Hex       79%        3d32      1%          4
 Hailstorm                Conj/Ice       100%       3d20      1%          4
 Ice Form                 Ice/Tmut       100%       N/A       1%          4
 Iskenderun's Mystic Bla  Conj/Tloc      100%       2d19      1%          4
 Leda's Liquefaction      Hex/Erth       79%        N/A       1%          4
 Olgreb's Toxic Radiance  Pois           100%       N/A       1%          4
 Petrify                  Tmut/Erth      100%       N/A       1%          4
 Sticky Flame             Conj/Fire      100%       2d11      1%          4
 Summon Ice Beast         Ice/Summ       100%       N/A       1%          4
 Summon Lightning Spire   Summ/Air       100%       N/A       1%          4
 Agony                    Necr           100%       N/A       1%          5
 Alistair's Intoxication  Tmut/Pois      100%       N/A       1%          5
 Blade Hands              Tmut           79%        N/A       1%          5
 Bolt of Magma            Conj/Fire/Erth 79%        4d30      1%          5
 Excruciating Wounds      Necr           79%        N/A       1%          5
 Fireball                 Conj/Fire      79%        3d29      1%          5
 Freezing Cloud           Conj/Ice/Air   80%        6-21      1%          5
 Irradiate                Conj/Tmut      79%        3d40      1%          5
 Iskenderun's Battlesphe  Conj           100%       2d15      1%          5
 Lee's Rapid Deconstruct  Erth           79%        3d36*     1%          5
 Lightning Bolt           Conj/Air       79%        1d106     1%          5
 Manifold Assault         Tloc           100%       N/A       1%          5
 Metabolic Englaciation   Hex/Ice        80%        N/A       1%          5
 Summon Forest            Summ/Tloc      79%        N/A       1%          5
 Summon Mana Viper        Hex/Summ       100%       N/A       1%          5
 Yara's Violent Unravell  Hex/Tmut       79%        3d29      1%          5
 Death Channel            Necr           79%        N/A       1%          6
 Dispersal                Tloc           79%        N/A       1%          6
 Invisibility             Hex            79%        N/A       1%          6
 Iron Shot                Conj/Erth      79%        9d14      1%          6
 Shadow Creatures         Summ           N/A        N/A       1%          6
 Simulacrum               Ice/Necr       80%        N/A       1%          6
 Starburst                Conj/Fire      79%        6d20      1%          6
 Dragon Form              Tmut           79%        N/A       1%          7
 Haunt                    Necr/Summ      79%        N/A       1%          7
 Malign Gateway           Summ/Tloc      79%        N/A       1%          7
 Monstrous Menagerie      Summ           79%        N/A       1%          7
 Orb of Destruction       Conj           79%        9d19      1%          7
 Ozocubu's Refrigeration  Ice            81%        4d21      1%          7
 Spellforged Servitor     Conj/Summ      79%        N/A       1%          7
 Summon Hydra             Summ           79%        N/A       1%          7
 Borgnjor's Revivificati  Necr           79%        N/A       4%          8
 Discord                  Hex            79%        N/A       4%          8
 Disjunction              Tloc           79%        N/A       4%          8
 Lehudib's Crystal Spear  Conj/Erth      79%        10d18     4%          8
 Maxwell's Capacitive Co  Air            79%        ∞         4%          8
 Summon Horrible Things   Summ           79%        N/A       4%          8
 Polar Vortex             Ice            81%        N/A       30%         9
 Chain Lightning          Conj/Air       79%        3d106     43%         9
 Death's Door             Necr           79%        N/A       43%         9
 Dragon's Call            Summ           79%        N/A       43%         9
 Fire Storm               Conj/Fire      79%        8d20      43%         9
 Shatter                  Erth           79%        3d58*     43%         9


Dungeon Overview and Level Annotations

Branches:
Dungeon (15/15)            Temple (1/1) D:4            Lair (6/6) D:8
 Shoals (4/4) Lair:2       Spider (4/4) Lair:3        Slime (0/5) Lair:6
    Orc (2/2) D:11            Elf (3/3) Orc:2        Vaults (5/5) D:14
  Crypt (0/3) Vaults:3     Depths (5/5) D:15            Zot (0/5) Depths:5
  IceCv (visited)

Altars:
Ashenzari
Cheibriados
Dithmenos
Elyvilon
Hepliaklqana
Kikubaaqudgha
Makhleb
Nemelex Xobeh
Okawaru
Qazlal
Ru
Trog
Vehumet
Wu Jian
Xom
Beogh

Shops:
D:2 ?   D:3 *   Orc:2 *(!**   Elf:1 *   Elf:2 [[:   Vaults:2 (   Depths:2 *=:=

Portals:
Hell: Lair:6 Depths:1 Depths:2 Depths:3 Depths:4 Depths:5
Abyss: Depths:4
Pandemonium: Depths:3

Annotations:
D:2 exclusion: goblin, Sigmund
D:5 2 transporters
Spider:4 1 exclusion
Elf:2 3 runed translucent doors
Vaults:1 2 transporters, exclusion: obsidian statue
Zig:26 15 exclusions


Innate Abilities, Weirdness & Mutations

You are a lightning-filled tempest!
Your stormy fists strike out in all directions at once.
You are incredibly evasive.
You are flying.
You are immune to poison.
Your armour is entirely melded.
You are incapable of wielding weapons or throwing items.
((You have very sharp teeth.))
Your uncanny sense of smell can sniff out nearby items.
Your experience applies equally to all skills.
((You are covered in fur. (AC +1)))
((You are resistant to electric shocks. (rElec)))
Your spells are a little harder to cast, but a little more powerful.


Message History

Lightning courses through the necrophage!!
You destroy the necrophage!
Cheibriados appreciates the change of pace.
You blast the necrophage!!!
Lightning courses through the necrophage!!
You destroy the necrophage!
Cheibriados appreciates the change of pace.
The flying skull is pulled toward you!
The deep elf high priest skeleton is pulled toward you!
Unknown command.
Unknown command.
Unknown command.
You buffet the flying skull!
You punch the flying skull!
You destroy the flying skull!
Cheibriados thoroughly appreciates the change of pace.
The deep elf high priest skeleton is pulled toward you!
Unknown command.
Unknown command.
Unknown command.
You blast the deep elf high priest skeleton!!!!!
Lightning courses through the deep elf high priest skeleton!!
You destroy the deep elf high priest skeleton!
Cheibriados appreciates the change of pace.
You start to feel less resistant.
You feel less attractive to monsters.
Unknown command.
Unknown command.
You are confused.
You feel invigorated.
A shadow demon comes into view.
The infernal howling subsides.
The shadow demon gestures.
The hellion gestures at you.
The sphere of damnation explodes!
The damnation engulfs you!!
* * * LOW HITPOINT WARNING * * *
Okay, then.
Your resistance to elements expires.
The hellion gestures at you.
The sphere of damnation explodes!
The damnation engulfs you!!
You die...

*,,,,,,,,,,,§§§....)^
▓:[|}|?..............
▓|[[(![..............
▓▓:∩)}|(..............
▓?:>):)(.........Z....
*▓?∩"|?)..............
▓?=$::?..............
▓:?!![)).............
▓...v[2)......,,,,,..
▓....))[.....≈≈≈,,,..
▓▓...Z.Z.2...≈8≈,,,..
▓...........≈≈≈,,,..
▓▓...........,,,,,,,
▓...........,,,,,,,
▓▓..........,,,,,,,
▓▓.........,,,,,,,
**,,,,,,,,,,,,,,,


You could see a shadow demon, a hellion (summoned), an ice dragon zombie
(summoned) and a shadow dragon skeleton (summoned).

Vanquished Creatures
  10 pandemonium lords
  3 dread liches
  2 ancient liches
  Sojobo (Depths:4)
  A shard shrike (Zig:14)
  Bai Suzhen (Spider:3)
  A Killer Klown (Zig:19)
  3 caustic shrikes
  11 golden dragons
  Nikola (Spider:2)
  5 pearl dragons (Zig:17)
  A Tzitzimitl (Zig:26)
  6 bone dragons
  A hellephant (Zig:18)
  A Brimstone Fiend (Zig:22)
  Rupert (Lair:5)
  3 doom hounds (Zig:26)
  Jorgrun (Spider:2)
  5 tentacled monstrosities
  2 Ice Fiends (Zig:14)
  4 liches
  10 titans
  Asterion (Spider:2)
  4 deep elf blademasters
  A quicksilver dragon (shapeshifter) (Zig:19)
  A quicksilver dragon (Vaults:5)
  Frances (D:12)
  4 tentacled starspawn
  2 acid blobs (Zig:12)
  9 deep elf master archers
  2 Executioners
  11 sphinxes
  A thorn hunter (Zig:23)
  A sphinx (shapeshifter) (Zig:19)
  4 shadow dragons
  2 ancient champions
  4 storm dragons
  14 tengu reavers
  4 nagarajas
  A fenstrider witch (Shoals:3)
  4 daevas
  A draconian monk (Depths:5)
  A rockslime (Zig:3)
  An azure jelly (Zig:12)
  7 fire giants
  3 revenants
  4 iron dragons
  6 ghost moths
  3 emperor scorpions (Spider:4)
  7 deep elf sorcerers
  7 frost giants
  2 draconian knights
  2 balrugs
  2 orc warlords
  14 vault wardens
  2 draconian scorchers (Zig:16)
  8 angels (Zig:17)
  2 curse skulls (Zig:12)
  A deep elf elementalist (Elf:3)
  A draconian stormcaller (Abyss:3)
  A cacodemon (Zig:11)
  12 ironbound preservers
  Aizul (Shoals:1)
  2 juggernaut zombies
  A caustic shrike skeleton (Zig:22)
  12 reapers
  A quicksilver ooze (Zig:12)
  A draconian annihilator (Depths:5)
  4 war gargoyles
  21 stone giants
  4 vampire knights
  4 ophanim (Zig:17)
  3 blood saints (Zig:16)
  7 spark wasps
  6 apis (Zig:17)
  30 very ugly things
  3 green draconians
  A corrupter (Zig:11)
  3 bunyips (Zig:23)
  A black draconian (Zig:1)
  2 yellow draconians (Depths:5)
  6 entropy weavers
  5 deep elf demonologists
  2 purple draconians
  A lorocyproca (Abyss:2)
  6 deep elf annihilators
  A minotaur (Shoals:4)
  2 dire elephants
  4 white draconians
  A dire elephant (shapeshifter) (Zig:19)
  3 eleionomae
  3 deep elf death magi
  An eidolon (Zig:9)
  11 ettins
  12 fire dragons
  20 merfolk javelineers
  A blizzard demon (Zig:14)
  11 green deaths (Zig:23)
  Snorg (Lair:5)
  19 yaktaur captains
  2 quicksilver dragon zombies
  3 crystal guardians
  6 deep elf high priests
  3 shambling mangroves (Zig:23)
  9 merfolk impalers
  The ghost of Fek the Basher, a journeyman MiBe of Trog (D:12)
  12 great orbs of eyes
  Harold (D:8)
  23 vault guards
  A hydra (shapeshifter) (Depths:3)
  5 rakshasas
  5 boulder beetles
  A caustic shrike simulacrum (Zig:21)
  A boulder beetle (shapeshifter) (Zig:19)
  An ice dragon (shapeshifter) (Vaults:5)
  8 ironbound thunderhulks
  A ghost crab (Zig:23)
  18 hydras
  An anaconda (Lair:6)
  19 ice dragons
  2 ogre magi
  2 hell beasts
  4 peacekeepers
  6 merfolk aquamancers
  6 ironbound frosthearts
  A two-headed ogre (shapeshifter) (Zig:19)
  6 spriggan air magi
  17 satyrs
  2 merfolk avatars (Zig:25)
  21 centaur warriors
  A death knight (D:12)
  3 alligator snapping turtles (Zig:25)
  6 deep troll shamans
  8 dancing weapons
  9 two-headed ogres
  An alligator (Zig:23)
  An alligator snapping turtle (shapeshifter) (Zig:19)
  8 vampire magi
  3 catoblepae
  7 tengu warriors
  3 hell hogs
  A shock serpent (shapeshifter) (Vaults:5)
  6 deep troll earth magi
  5 orc high priests
  8 spriggan berserkers
  8 thrashing horrors (Abyss:5)
  Urug (D:14)
  5 naga sharpshooters (Zig:24)
  7 deep elf knights
  4 hell knights
  2 spriggans (Depths:3)
  A sun demon (Lair:6)
  A titan skeleton (Zig:22)
  2 titan zombies
  A soul eater (Zig:26)
  2 storm dragon zombies
  3 ironbound beastmasters
  9 iron trolls
  4 spatial maelstroms
  13 wretched stars
  19 slime creatures
  A storm dragon skeleton (Zig:26)
  A sixfirhy (Abyss:2)
  2 shadow wraiths
  7 glowing orange brains
  8 death drakes
  22 skeletal warriors
  18 sea snakes
  5 golden dragon zombies
  A goliath frog (Zig:23)
  6 cherubim (Zig:17)
  51 starcursed masses
  4 obsidian statues
  3 shadow demons
  A swamp dragon (shapeshifter) (Vaults:4)
  5 swamp dragons
  59 deep trolls
  13 ironbound convokers
  A lindwurm (shapeshifter) (Zig:19)
  9 flayed ghosts
  5 golden dragon skeletons
  2 bog bodies (Zig:23)
  20 large abominations
  A sphinx zombie (Zig:20)
  8 deep elf archers
  7 lindwurms
  29 harpies
  2 orange crystal statues
  11 orb spiders
  3 tengu zombies
  10 wizards
  8 necromancers
  28 deep elf pyromancers
  8 orc knights
  15 deep elf zephyrmancers
  Pikel (D:8)
  An oklob plant (Lair:2)
  A shadow dragon zombie (Zig:20)
  A harpy (shapeshifter) (Zig:8)
  A frost giant zombie (D:15)
  11 phantasmal warriors
  59 ugly things
  21 wolf spiders
  An iron dragon zombie (Zig:22)
  A manticore (shapeshifter) (Elf:1)
  5 orc sorcerers (Orc:2)
  3 will-o-the-wisps
  18 manticores
  A faun (shapeshifter) (Vaults:5)
  3 shadow dragon skeletons
  10 cyclopes
  17 fauns
  A moth of wrath (Spider:4)
  A stone giant zombie (D:15)
  4 salamanders (Depths:4)
  3 tengu skeletons
  2 worldbinders
  A moth of wrath (shapeshifter) (Vaults:5)
  An iron dragon skeleton (Zig:22)
  A black mamba (shapeshifter) (Vaults:5)
  11 black mambas
  9 merfolk sirens
  A spriggan zombie (Zig:22)
  10 water nymphs
  Maurice (D:9)
  12 elephants
  6 apocalypse crabs
  16 vault sentinels
  7 smoke demons
  An orange demon (Abyss:2)
  2 guardian serpents
  2 naga magi (Zig:16)
  Joseph (D:9)
  A water nymph (shapeshifter) (Vaults:5)
  3 torpor snails
  4 ice statues
  14 cane toads
  20 rime drakes
  3 spriggan skeletons
  6 kobold demonologists (D:12)
  2 efreet
  An anaconda simulacrum (Elf:3)
  2 entropy weaver simulacra (Elf:3)
  9 komodo dragons
  12 freezing wraiths
  5 hellions
  25 yaktaurs
  9 tormentors
  13 demonic crawlers
  8 ancient zymes
  5 tengu conjurers
  A harpy zombie (Abyss:5)
  4 ice devils
  5 hellwings
  5 trolls
  A red devil (Lair:6)
  18 polar bears
  A yaktaur skeleton (Vaults:5)
  28 jumping spiders
  41 merfolk
  A jumping spider (shapeshifter) (D:14)
  A polar bear (shapeshifter) (D:13)
  2 silent spectres
  2 tyrant leeches (Zig:23)
  A bloated husk (Zig:23)
  2 blink frogs
  9 wind drakes
  Prince Ribbit (D:9)
  4 dream sheep
  13 snapping turtles
  A deep troll zombie (D:15)
  16 hornets
  2 dream sheep (shapeshifter)
  21 raiju
  A frost giant simulacrum (Vaults:5)
  A human simulacrum (Vaults:5)
  An air elemental (Elf:3)
  16 flying skulls
  13 shadows
  2 redbacks (shapeshifter)
  A tarantella (shapeshifter) (Abyss:2)
  62 redbacks
  25 water elementals
  31 tarantellas
  14 wraiths
  A spriggan simulacrum (Elf:3)
  3 vampires
  11 ynoxinuls
  6 wyverns
  Grum (D:11)
  Eustachio (D:4)
  8 basilisks
  4 golden eyes (Abyss:2)
  27 yaks
  9 elf zombies
  3 fire elementals
  An elf simulacrum (Zig:21)
  4 fire bats (Abyss:1)
  10 chaos spawn
  5 neqoxecs
  16 humans
  5 steam dragons
  10 elf skeletons
  Menkaure (D:4)
  4 vampire mosquitoes
  2 wargs
  Edmund (D:4)
  An acid dragon (D:10)
  4 hell hounds
  A cane toad zombie (Abyss:2)
  A floating eye (shapeshifter) (Zig:15)
  24 water moccasins
  30 orc warriors
  A floating eye (Depths:4)
  2 sky beasts
  2 black bears
  14 small abominations
  6 ogres
  An ettin simulacrum (Vaults:3)
  9 necrophages
  An alligator simulacrum (Elf:3)
  11 centaurs
  A human skeleton (Vaults:5)
  15 wolves
  3 phantoms
  Blork the orc (Orc:1)
  A bullfrog (shapeshifter) (Elf:1)
  8 kobold brigands
  4 gnoll sergeants
  4 bullfrogs
  A wyvern zombie (D:7)
  2 earth elementals
  2 scorpions
  2 deep troll simulacra (Elf:3)
  A water moccasin skeleton (D:5)
  A lindwurm simulacrum (Elf:3)
  11 killer bees
  6 wights
  4 howler monkeys
  6 electric eels
  2 crimson imps (Abyss:1)
  2 quasits
  2 jellies
  19 orc priests
  8 hounds
  A centaur skeleton (D:7)
  4 centaur zombies
  Crazy Yiuf (D:6)
  2 iguanas
  Jessica (D:2)
  16 orc wizards
  2 polar bear simulacra (D:10)
  4 yak simulacra (D:10)
  A wolf simulacrum (D:10)
  2 killer bee zombies
  6 ogre zombies (D:11)
  A mummy (Zig:20)
  14 gnolls
  5 adders
  6 shadow imps
  14 white imps
  3 adder skeletons (D:4)
  A worm (D:2)
  70 orcs
  6 bats
  14 endoplasms
  3 giant cockroaches
  5 goblins
  12 hobgoblins
  5 jackals
  10 kobolds
  4 quokkas
  8 ball pythons
  3 goblin skeletons (D:11)
  4 goblin zombies (D:11)
  A hobgoblin skeleton (D:11)
  2 hobgoblin zombies (D:11)
  2 orc skeletons (D:11)
  7 orc zombies (D:11)
  7 rats
  4 river rat simulacra (D:10)
  3 starspawn tentacles
2501 creatures vanquished.

Vanquished Creatures (collateral kills)
  An ancient lich (Zig:16)
  2 shard shrikes (Zig:13)
  A golden dragon (Zig:23)
  3 pandemonium lords (Zig:19)
  A bone dragon (Zig:21)
  3 Brimstone Fiends (Zig:22)
  3 iron giants (Zig:20)
  A lich (Zig:22)
  2 acid blobs (Zig:12)
  A deep elf master archer (Zig:24)
  A tentacled starspawn (Zig:21)
  A tengu reaver (Zig:16)
  A fire giant (shapeshifter) (Zig:19)
  A rockslime (Zig:12)
  An iron dragon (Zig:20)
  A cacodemon (Zig:21)
  A caustic shrike zombie (Zig:14)
  3 balrugs
  3 reapers
  A juggernaut zombie (Zig:20)
  A quicksilver ooze (Zig:12)
  A deep elf demonologist (Zig:12)
  A juggernaut skeleton (Zig:22)
  A lorocyproca (Zig:21)
  3 dire elephants (Zig:18)
  2 blizzard demons
  5 hydras
  2 great orbs of eyes
  4 centaur warriors (Vaults:3)
  2 merfolk aquamancers (Zig:16)
  3 satyrs (Zig:24)
  A death yak (Zig:18)
  2 titan zombies (Zig:20)
  5 thrashing horrors (Zig:21)
  5 dancing weapons
  3 naga sharpshooters (Zig:24)
  4 hell knights
  5 spatial maelstroms (Zig:21)
  A titan skeleton (Zig:13)
  2 wretched stars (Zig:21)
  An iron troll (shapeshifter) (Zig:19)
  A shadow demon (Zig:21)
  A salamander mystic (Zig:16)
  A storm dragon skeleton (Zig:13)
  3 golden dragon zombies
  A flayed ghost (Zig:21)
  A swamp dragon (Zig:23)
  2 orange crystal statues (Zig:24)
  2 deep elf archers
  4 deep elf pyromancers (Zig:15)
  An orb spider (Spider:2)
  2 ugly things (Vaults:3)
  A deep elf zephyrmancer (Zig:15)
  A tengu skeleton (Zig:13)
  2 necromancers
  2 orc sorcerers
  A shining eye (Zig:12)
  2 black mambas (Zig:18)
  An apocalypse crab (Zig:21)
  An ice statue (Zig:15)
  4 rust devils (Zig:20)
  A cane toad (Zig:18)
  A smoke demon (Zig:21)
  An elf skeleton (Zig:14)
  An unseen horror (shapeshifter) (Zig:15)
  An elf zombie (Zig:14)
  6 tormentors
  2 efreet (Zig:21)
  A freezing wraith (Zig:13)
  3 yaktaurs
  A hellwing (Zig:21)
  An ancient zyme (Zig:21)
  2 red devils (Zig:22)
  A jumping spider (Spider:2)
  5 slime creatures (Zig:12)
  2 hornets (Zig:23)
  2 blink frogs (Zig:18)
  A raiju (Zig:21)
  A dream sheep (Zig:18)
  3 redbacks
  A wraith (Zig:20)
  2 fire elementals
  A golden eye (Zig:12)
  2 basilisks (Zig:18)
  4 yaks (Zig:18)
  A chaos spawn (Zig:21)
  2 neqoxecs (Zig:21)
  5 large abominations (Zig:21)
  2 hell hounds (Zig:22)
  3 water moccasins (Zig:18)
  A small abomination (Zig:21)
  An earth elemental (Elf:3)
  A crimson imp (Zig:22)
  6 starcursed masses (Zig:21)
  6 iron imps (Zig:20)
  A fire vortex (Zig:19)
195 creatures vanquished.

Vanquished Creatures (others)
  2 ancient liches (Zig:8)
  A juggernaut (Depths:4)
  A pandemonium lord (Zig:19)
  A golden dragon (Zig:23)
  A tentacled monstrosity (Vaults:5)
  A titan (Depths:4)
  2 deep elf master archers (Elf:3)
  A shadow dragon (Vaults:5)
  A fire giant (Vaults:5)
  2 vault wardens (Vaults:1)
  4 deep elf sorcerers
  3 ironbound preservers
  Louise (Spider:4)
  2 stone giants
  A reaper (Zig:5)
  3 very ugly things
  A corrupter (Zig:5)
  A black sun (Zig:5)
  5 deep elf demonologists
  5 deep elf annihilators
  3 dire elephants
  2 merfolk impalers (Shoals:3)
  2 merfolk javelineers
  3 deep elf death magi
  5 yaktaur captains
  A jiangshi (Zig:9)
  4 vault guards (Vaults:5)
  A salamander tyrant (Depths:4)
  A hydra (Lair:6)
  An ironbound frostheart (IceCv)
  A boulder beetle (Zig:7)
  4 centaur warriors (Vaults:1)
  A merfolk avatar (Shoals:4)
  2 deep troll shamans (Depths:4)
  4 satyrs
  3 spriggan berserkers
  4 deep elf knights
  A wretched star (Abyss:5)
  An ironbound beastmaster (Vaults:3)
  An iron troll (Depths:3)
  A hell knight (Depths:1)
  2 salamander mystics (Depths:4)
  2 sea snakes
  A wizard (Vaults:3)
  4 deep trolls
  6 deep elf archers
  3 deep elf zephyrmancers
  3 orc knights
  7 ironbound convokers
  3 lindwurms
  14 deep elf pyromancers
  4 necromancers
  5 orb spiders
  11 fauns
  4 wolf spiders
  3 salamanders (Depths:4)
  3 ugly things
  8 elephants
  2 merfolk sirens
  A black mamba (Zig:18)
  2 orange demons (Lair:6)
  A smoke demon (Abyss:5)
  2 torpor snails (Zig:7)
  6 vault sentinels
  A rime drake (IceCv)
  A demonic crawler (Zig:7)
  A freezing wraith (Zig:20)
  8 yaktaurs
  An ice devil (Lair:6)
  A komodo dragon (Lair:3)
  3 polar bears
  5 jumping spiders
  5 merfolk
  4 blink frogs (Lair:5)
  5 slime creatures
  7 dream sheep
  A spriggan (Lair:3)
  7 redbacks
  7 tarantellas
  A water elemental (Shoals:4)
  7 yaks
  A chaos spawn (Zig:21)
  5 hell hounds
  An orc warrior (Orc:2)
  A human (D:3)
  2 jellies (Lair:6)
  A hell rat (Zig:18)
  An orc (Orc:2)
  A fire vortex (Zig:19)
  4 foxfires (Abyss:3)
  22 fungi
  A lurking horror (Abyss:5)
  33 plants
  4 starspawn tentacles
  9 withered plants (D:15)
333 creatures vanquished.

Grand Total: 3029 creatures vanquished

Notes
Turn   | Place    | Note
-------+----------+-------------------------------------------
     0 | D:5      | comborobin the Gnoll Delver began the quest for the Orb.
     0 | D:5      | Reached XP level 1. HP: 23/23 MP: 1/1
     3 | D:6      | Noticed an orc warrior
    12 | D:6      | Noticed an orc priest
    44 | D:5      | Noticed an ogre
    46 | D:5      | Noticed a black bear
    47 | D:5      | Killed an ogre
    48 | D:5      | Reached skill level 1 in Long Blades
    48 | D:5      | Reached skill level 1 in Axes
    48 | D:5      | Reached skill level 1 in Maces & Flails
    48 | D:5      | Reached skill level 1 in Polearms
    48 | D:5      | Reached skill level 1 in Staves
    48 | D:5      | Reached skill level 1 in Slings
    48 | D:5      | Reached skill level 1 in Bows
    48 | D:5      | Reached skill level 1 in Crossbows
    48 | D:5      | Reached skill level 1 in Throwing
    48 | D:5      | Reached skill level 1 in Armour
    48 | D:5      | Reached skill level 1 in Shields
    48 | D:5      | Reached skill level 1 in Unarmed Combat
    48 | D:5      | Reached skill level 1 in Spellcasting
    48 | D:5      | Reached skill level 1 in Invocations
    48 | D:5      | Reached skill level 1 in Evocations
    48 | D:5      | Reached XP level 2. HP: 29/29 MP: 1/3
    48 | D:5      | Reached XP level 3. HP: 35/35 MP: 1/4
    48 | D:5      | Reached XP level 4. HP: 41/41 MP: 1/5
   116 | D:4      | Reached skill level 1 in Conjurations
   116 | D:4      | Reached skill level 1 in Hexes
   116 | D:4      | Reached skill level 1 in Summonings
   116 | D:4      | Reached skill level 1 in Necromancy
   116 | D:4      | Reached skill level 1 in Translocations
   116 | D:4      | Reached skill level 1 in Transmutations
   116 | D:4      | Reached skill level 1 in Fire Magic
   116 | D:4      | Reached skill level 1 in Ice Magic
   116 | D:4      | Reached skill level 1 in Air Magic
   116 | D:4      | Reached skill level 1 in Earth Magic
   116 | D:4      | Reached skill level 1 in Poison Magic
   125 | D:4      | Reached XP level 5. HP: 38/47 MP: 6/6
   222 | D:4      | Noticed Menkaure
   315 | D:4      | Found a staircase to the Ecumenical Temple.
   473 | Temple   | Entered the Ecumenical Temple
   629 | Temple   | Became a worshipper of Cheibriados the Contemplative
   675 | D:4      | Noticed Eustachio
   691 | D:4      | Killed Eustachio
   692 | D:4      | Reached XP level 6. HP: 28/53 MP: 8/8
   700 | D:4      | Learned a level 1 spell: Sting
   722 | D:4      | Learned a level 2 spell: Poisonous Vapours
   729 | D:5      | Found a transporter.
   839 | D:4      | Reached skill level 5 in Short Blades
   839 | D:4      | Reached skill level 5 in Dodging
  1132 | D:2      | Learned a level 4 spell: Olgreb's Toxic Radiance
  1203 | D:2      | Reached * piety under Cheibriados
  1252 | D:2      | Noticed Sigmund
  1295 | D:2      | Noticed Jessica
  1303 | D:2      | Killed Jessica
  1316 | D:2      | Found Xothridoth's Magic Scroll Shop.
  1956 | D:1      | Reached ** piety under Cheibriados
  2188 | D:1      | Found a faded altar of an unknown god.
  2466 | D:2      | You fall into a shaft and drop 1 floor!
  3000 | D:3      | Found Tegublui's General Store.
  3249 | D:3      | Found an ancient bone altar of Kikubaaqudgha.
  3616 | D:3      | Noticed a human
  3617 | D:3      | Killed a human
  3802 | D:4      | Reached XP level 7. HP: 59/59 MP: 10/10
  3820 | D:4      | Killed Menkaure
  3995 | D:4      | Noticed Edmund
  4017 | D:4      | Killed Edmund
  4264 | D:4      | Reached *** piety under Cheibriados
  4265 | D:4      | Reached skill level 10 in Stealth
  4270 | D:4      | Reached XP level 8. HP: 64/67 MP: 12/12
  4323 | D:4      | Identified the +0 robe of Zejaim {rF+ Will+ Stlth+
                  | Archmagi}
  4876 | D:5      | Found a transporter.
  5109 | D:6      | Reached skill level 6 in Dodging
  5142 | D:6      | Reached **** piety under Cheibriados
  5152 | D:6      | Reached XP level 9. HP: 66/73 MP: 14/14
  6139 | D:6      | Found a runed translucent door.
  6140 | D:6      | Noticed Crazy Yiuf
  6153 | D:6      | Killed Crazy Yiuf
  6163 | D:6      | Identified the +4 mace of Disintegration {freeze, Int+3
                  | Dex+2 SInv}
  6982 | D:7      | Identified a scroll of acquirement
  6983 | D:7      | Acquired the +1 pair of boots of the Flute {Contam rElec
                  | Str+2 Slay+5}
  7167 | D:7      | Reached skill level 5 in Invocations
  7837 | D:8      | Noticed a troll
  8049 | D:8      | Noticed a cyan ugly thing
  8071 | D:8      | Learned a level 2 spell: Passwall
  8072 | D:8      | Noticed a hornet
  8072 | D:8      | Noticed a boulder beetle
  8074 | D:8      | Noticed a deep elf pyromancer
  8080 | D:8      | Killed a hornet
  8081 | D:8      | Reached XP level 10. HP: 80/80 MP: 15/17
  8100 | D:8      | Killed a deep elf pyromancer
  8101 | D:8      | Reached skill level 5 in Long Blades
  8101 | D:8      | Reached skill level 5 in Axes
  8101 | D:8      | Reached skill level 5 in Maces & Flails
  8101 | D:8      | Reached skill level 5 in Polearms
  8101 | D:8      | Reached skill level 5 in Staves
  8101 | D:8      | Reached skill level 5 in Slings
  8101 | D:8      | Reached skill level 5 in Bows
  8101 | D:8      | Reached skill level 5 in Crossbows
  8101 | D:8      | Reached skill level 5 in Throwing
  8101 | D:8      | Reached skill level 5 in Armour
  8101 | D:8      | Reached skill level 5 in Shields
  8101 | D:8      | Reached skill level 5 in Unarmed Combat
  8101 | D:8      | Reached skill level 5 in Spellcasting
  8101 | D:8      | Reached skill level 5 in Evocations
  8231 | D:8      | Killed a boulder beetle
  8232 | D:8      | Reached skill level 7 in Dodging
  8345 | D:8      | Killed a cyan ugly thing
  8581 | D:8      | Reached ***** piety under Cheibriados
  8968 | D:8      | Noticed Harold
  8984 | D:8      | Killed Harold
  9372 | D:8      | Reached XP level 11. HP: 87/87 MP: 11/19
  9468 | D:8      | Found a staircase to the Lair.
  9680 | D:8      | Noticed Pikel
  9688 | D:8      | Killed Pikel
  9689 | D:8      | Reached skill level 5 in Conjurations
  9689 | D:8      | Reached skill level 5 in Hexes
  9689 | D:8      | Reached skill level 5 in Summonings
  9689 | D:8      | Reached skill level 5 in Necromancy
  9689 | D:8      | Reached skill level 5 in Translocations
  9689 | D:8      | Reached skill level 5 in Transmutations
  9689 | D:8      | Reached skill level 5 in Fire Magic
  9689 | D:8      | Reached skill level 5 in Ice Magic
  9689 | D:8      | Reached skill level 5 in Air Magic
  9689 | D:8      | Reached skill level 5 in Earth Magic
  9689 | D:8      | Reached skill level 5 in Poison Magic
 10473 | D:9      | Noticed a two-headed ogre
 10483 | D:9      | Killed a two-headed ogre
 10484 | D:9      | Reached skill level 8 in Dodging
 10688 | D:9      | Noticed Joseph
 10700 | D:9      | Killed Joseph
 10909 | D:9      | Noticed Prince Ribbit
 10919 | D:9      | Killed Prince Ribbit
 10964 | D:9      | Noticed Maurice
 10975 | D:9      | Killed Maurice
 11941 | D:10     | Entered Level 10 of the Dungeon
 12061 | D:10     | Noticed a necromancer
 12066 | D:10     | Killed a necromancer
 12672 | D:10     | Learned a level 1 spell: Apportation
 13233 | D:11     | Noticed a boulder beetle
 13243 | D:11     | Killed a boulder beetle
 13368 | D:11     | Noticed Grum
 13379 | D:11     | Reached ****** piety under Cheibriados
 13382 | D:11     | Killed Grum
 13436 | D:11     | Reached skill level 9 in Dodging
 13436 | D:11     | Reached XP level 12. HP: 90/96 MP: 15/22
 13635 | D:11     | Found a staircase to the Orcish Mines.
 14190 | D:11     | Found an iron altar of Okawaru.
 14288 | D:12     | Noticed Frances
 14308 | D:12     | Killed Frances
 14335 | D:12     | Noticed a death knight
 14354 | D:12     | Killed a death knight
 14600 | D:12     | Noticed a two-headed ogre
 14611 | D:12     | Killed a two-headed ogre
 14626 | D:12     | Reached skill level 10 in Fighting
 14854 | D:12     | Noticed a two-headed ogre
 14864 | D:12     | Killed a two-headed ogre
 14865 | D:12     | Reached skill level 10 in Dodging
 14910 | D:12     | Noticed a two-headed ogre
 14922 | D:12     | Killed a two-headed ogre
 14957 | D:12     | Noticed a two-headed ogre
 14962 | D:12     | Killed a two-headed ogre
 15064 | D:12     | Found a runed translucent gate.
 15064 | D:12     | Found a runed translucent gate.
 15064 | D:12     | Found a runed translucent gate.
 15067 | D:12     | Noticed Fek's ghost (journeyman MiBe)
 15318 | D:13     | Noticed a tengu warrior
 15331 | D:13     | Killed a tengu warrior
 15470 | D:13     | Noticed a centaur warrior
 15477 | D:13     | Killed a centaur warrior
 15478 | D:13     | Reached XP level 13. HP: 99/103 MP: 24/24
 15628 | D:8      | Learned a level 5 spell: Borgnjor's Vile Clutch
 16608 | D:13     | Identified the +8 shortbow "Huor" {vorpal, *Corrode Will-
                  | Str+9 Int+9}
 16662 | D:14     | Noticed Urug
 16662 | D:14     | Found a gate to the Vaults.
 16769 | D:14     | Learned a level 6 spell: Statue Form
 16904 | D:14     | Reached skill level 11 in Dodging
 16955 | D:14     | Killed Urug
 17465 | D:14     | Found a white marble altar of Elyvilon.
 18155 | D:14     | You fall into a shaft and drop 1 floor!
 18155 | D:15     | Entered Level 15 of the Dungeon
 18558 | Lair:1   | Entered Level 1 of the Lair of Beasts
 18578 | Lair:1   | Reached XP level 14. HP: 111/111 MP: 26/26
 18696 | Lair:1   | Reached skill level 10 in Short Blades
 19917 | Lair:2   | Gained mutation: You have a somewhat thin skeletal
                  | structure. (Dex +2, Stealth+) [potion of mutation]
 19917 | Lair:2   | Gained mutation: You have sharp toenails. [potion of
                  | mutation]
 19917 | Lair:2   | Gained mutation: You are partially covered in iridescent
                  | scales. (AC +2) [potion of mutation]
 20123 | Lair:2   | Found a staircase to the Shoals.
 20238 | Lair:2   | Reached skill level 12 in Dodging
 20405 | Lair:2   | Learned a level 6 spell: Eringya's Noxious Bog
 20515 | Lair:3   | Reached skill level 10 in Invocations
 20763 | Lair:3   | Found a hole to the Spider Nest.
 21665 | Lair:4   | Identified the +10 arbalest of Green Guile {freeze, Dex+4}
 22877 | Lair:5   | Noticed Rupert
 22899 | Lair:5   | Gained mutation: You sometimes lose the ability to read
                  | scrolls when taking damage. [mutagenic glow]
 22918 | Lair:4   | Gained mutation: You are dopey. (Int -2) [mutagenic glow]
 23027 | Lair:5   | Paralysed by Rupert for 7 turns
 23038 | Lair:5   | Killed Rupert
 23153 | Lair:5   | Noticed Snorg
 23166 | Lair:5   | Killed Snorg
 23167 | Lair:5   | Reached XP level 15. HP: 91/119 MP: 28/28
 23754 | Lair:6   | Entered Level 6 of the Lair of Beasts
 23825 | Lair:6   | Found a staircase to the Slime Pits.
 24159 | Lair:6   | Reached skill level 13 in Dodging
 24289 | Lair:6   | Found a burning altar of Makhleb.
 24443 | Lair:6   | Found a gateway to Hell.
 24760 | Lair:6   | Reached skill level 10 in Long Blades
 24760 | Lair:6   | Reached skill level 10 in Axes
 24760 | Lair:6   | Reached skill level 10 in Maces & Flails
 24760 | Lair:6   | Reached skill level 10 in Polearms
 24760 | Lair:6   | Reached skill level 10 in Staves
 24760 | Lair:6   | Reached skill level 10 in Slings
 24760 | Lair:6   | Reached skill level 10 in Bows
 24760 | Lair:6   | Reached skill level 10 in Crossbows
 24760 | Lair:6   | Reached skill level 10 in Throwing
 24760 | Lair:6   | Reached skill level 10 in Armour
 24760 | Lair:6   | Reached skill level 10 in Shields
 24760 | Lair:6   | Reached skill level 10 in Unarmed Combat
 24760 | Lair:6   | Reached skill level 10 in Spellcasting
 24760 | Lair:6   | Reached skill level 10 in Evocations
 24834 | Lair:6   | Identified the +1 robe of the Snake Pit {MP+9}
 26940 | D:15     | Found a staircase to the Depths.
 27295 | Depths:1 | Entered Level 1 of the Depths
 27302 | Depths:1 | Noticed a frost giant
 27321 | Depths:1 | Killed a frost giant
 27470 | Orc:1    | Entered Level 1 of the Orcish Mines
 27508 | Orc:1    | Noticed Blork the orc
 27516 | Orc:1    | Killed Blork the orc
 28234 | Orc:2    | Entered Level 2 of the Orcish Mines
 28259 | Orc:2    | Found a staircase to the Elven Halls.
 28406 | Orc:2    | Paralysed by an orc sorcerer for 6 turns
 28888 | Orc:2    | Found Huhimuv's CLEARANCE SALE! EVERYTHING MUST GO!.
 29297 | Orc:2    | Found Sehunoos's General Store.
 29317 | Orc:2    | Reached XP level 16. HP: 61/127 MP: 19/30
 29375 | Orc:2    | Found Tifitiez's Antique Weapon Boutique.
 29424 | Orc:2    | Found Hank's Assorted Antiques.
 29426 | Orc:2    | Found Rowkull's Distillery.
 29953 | Depths:1 | Reached skill level 14 in Dodging
 30326 | Depths:1 | Learned a level 6 spell: Death Channel
 31718 | Depths:1 | Paralysed by a great orb of eyes for 7 turns
 31759 | Depths:1 | Learned a level 2 spell: Wereblood
 33014 | Depths:2 | Noticed an ancient champion
 33030 | Depths:2 | Killed an ancient champion
 33239 | Depths:2 | Reached XP level 17. HP: 135/135 MP: 23/32
 33597 | Depths:2 | Identified the +10 hunting sling "Vedeley" {vorpal, Contam
                  | +Blink Fly rElec}
 33644 | Depths:2 | Noticed a titan
 33650 | Depths:2 | Killed a titan
 33787 | Depths:2 | Reached skill level 15 in Dodging
 33967 | Depths:2 | Found Gimir's Assorted Antiques.
 34016 | Depths:2 | Bought a glowing helmet for 172 gold pieces
 34195 | Depths:2 | Found Wiatsuta's Jewellery Shoppe.
 34196 | Depths:2 | Found Jis Ewig's Book Shop.
 34197 | Depths:2 | Found Leiffihe's Jewellery Shoppe.
 34214 | Depths:2 | Bought the amulet of Yfihy {Harm Regen+ Slay+3} for 843
                  | gold pieces
 35119 | Spider:1 | Entered Level 1 of the Spider Nest
 35376 | Spider:1 | Learned a level 6 spell: Starburst
 35705 | Spider:2 | Acquired 937 gold pieces
 35739 | Spider:2 | Noticed Asterion
 35749 | Spider:2 | Killed Asterion
 35961 | Spider:2 | Reached skill level 10 in Conjurations
 35961 | Spider:2 | Reached skill level 10 in Hexes
 35961 | Spider:2 | Reached skill level 10 in Summonings
 35961 | Spider:2 | Reached skill level 10 in Necromancy
 35961 | Spider:2 | Reached skill level 10 in Translocations
 35961 | Spider:2 | Reached skill level 10 in Transmutations
 35961 | Spider:2 | Reached skill level 10 in Fire Magic
 35961 | Spider:2 | Reached skill level 10 in Ice Magic
 35961 | Spider:2 | Reached skill level 10 in Air Magic
 35961 | Spider:2 | Reached skill level 10 in Earth Magic
 35961 | Spider:2 | Reached skill level 10 in Poison Magic
 36066 | Spider:2 | Noticed Jorgrun
 36066 | Spider:2 | Noticed Nikola
 36084 | Spider:2 | Killed Jorgrun
 36093 | Spider:2 | Killed Nikola
 37807 | Spider:4 | Entered Level 4 of the Spider Nest
 37812 | Spider:4 | Noticed Bai Suzhen
 37826 | Spider:3 | Killed Bai Suzhen
 37827 | Spider:3 | Reached XP level 18. HP: 109/143 MP: 24/33
 37951 | Spider:4 | Noticed Louise
 37962 | Spider:4 | Killed Louise
 38510 | Spider:4 | Reached skill level 16 in Dodging
 38741 | Spider:4 | Got a gossamer rune of Zot
 39136 | Elf:1    | Entered Level 1 of the Elven Halls
 39252 | Elf:1    | Noticed a Tzitzimitl
 39706 | Elf:1    | Found Wunyaf's General Store.
 39818 | Elf:1    | Identified the +1 robe "Decuut" {rElec Slay+2}
 40244 | Elf:2    | Found Kuig's Antique Armour Shoppe.
 40376 | Elf:2    | Found Ceowarea's Armour Emporium.
 40380 | Elf:2    | Bought a +2 helmet of see invisible for 365 gold pieces
 40424 | Elf:2    | Reached skill level 15 in Stealth
 40456 | Elf:2    | Found a runed translucent gate.
 40456 | Elf:2    | Found a runed translucent gate.
 40459 | Elf:2    | Found a runed translucent gate.
 40657 | Elf:2    | Found Saem's Book Shop.
 40902 | Elf:3    | Entered Level 3 of the Elven Halls
 40902 | Elf:3    | Found a radiant altar of Vehumet.
 40923 | Elf:3    | Found a frozen archway.
 40970 | IceCv    | Entered an ice cave
 41183 | IceCv    | Reached XP level 19. HP: 151/151 MP: 32/35
 41275 | IceCv    | Learned a level 5 spell: Lee's Rapid Deconstruction
 41422 | IceCv    | Got the Catalogue of Snow
 41431 | IceCv    | Learned a level 4 spell: Animate Armour
 42383 | Elf:3    | Acquired the amulet of Plog {Acrobat rF+ Str+4 Dex-3
                  | Slay+2}
 42518 | Elf:3    | Noticed an Ice Fiend
 42840 | Elf:3    | Identified the +7 scimitar "Waptedecw" {speed, +Rage Int+6}
 42920 | Elf:3    | Identified the +2 scale mail "Wurommo" {SInv}
 42948 | Elf:3    | Identified the +1 dagger of Race {vorpal, rPois}
 43020 | Elf:3    | Got the Handbook of Bewitching Darkness
 43061 | Elf:3    | Got Laysut's Disquisition on Gliding Evil Arts
 43247 | Elf:3    | Identified the +0 scale mail of Recklessness {Harm SInv}
 43309 | Elf:3    | Lost mutation: You have sharp toenails. [potion of
                  | mutation]
 43309 | Elf:3    | Lost mutation: You are partially covered in iridescent
                  | scales. (AC +2) [potion of mutation]
 43309 | Elf:3    | Gained mutation: You have a pair of small horns on your
                  | head. [potion of mutation]
 43309 | Elf:3    | Gained mutation: You are somewhat resistant to further
                  | mutation. [potion of mutation]
 43309 | Elf:3    | Gained mutation: You are covered in fur. (AC +1) [potion of
                  | mutation]
 43337 | Elf:3    | Found a portal to a secret trove of treasure.
 43366 | Trove    | Entered a treasure trove
 43822 | D:12     | Killed Fek's ghost
 43856 | D:12     | Cast into level 1 of the Abyss (kobold brigand)
 43945 | Abyss:2  | Noticed a bone dragon
 44012 | Abyss:2  | Paralysed by accursed screaming for 1 turns
 44058 | Abyss:2  | Reached skill level 17 in Dodging
 44215 | Abyss:2  | Lost mutation: You are somewhat resistant to further
                  | mutation. [potion of mutation]
 44215 | Abyss:2  | Lost mutation: You have a pair of small horns on your head.
                  | [potion of mutation]
 44215 | Abyss:2  | Gained mutation: You tend to lose your temper in combat.
                  | [potion of mutation]
 44215 | Abyss:2  | Gained mutation: You passively map a small area around you.
                  | [potion of mutation]
 44342 | Abyss:2  | Gained mutation: You occasionally shout uncontrollably at
                  | your foes. [a neqoxec]
 44343 | Abyss:2  | Gained mutation: You often lose your temper in combat. [a
                  | neqoxec]
 44343 | Abyss:2  | Gained mutation: Your body sometimes deteriorates upon
                  | taking damage. [a neqoxec]
 44417 | Abyss:2  | Gained mutation: You are resistant to electric shocks.
                  | (rElec) [a neqoxec]
 44418 | Abyss:2  | Gained mutation: Armour fits poorly on your strangely
                  | shaped body. [a neqoxec]
 44467 | Abyss:2  | Noticed a bone dragon
 44577 | Abyss:2  | Paralysed by accursed screaming for 1 turns
 44619 | Abyss:3  | Found a corrupted altar of Lugonu.
 44919 | Abyss:3  | Reached XP level 20. HP: 136/160 MP: 35/37
 44975 | D:12     | Escaped the Abyss
 45095 | D:12     | Cast into level 2 of the Abyss (kobold brigand)
 45099 | Abyss:3  | Found a corrupted altar of Lugonu.
 45256 | Abyss:5  | Entered Level 5 of the Abyss
 45260 | Abyss:5  | Found a corrupted altar of Lugonu.
 45312 | Abyss:5  | Paralysed by accursed screaming for 1 turns
 45352 | Abyss:5  | Noticed a dread lich
 45426 | Abyss:5  | Killed a dread lich
 45545 | Abyss:5  | Got an abyssal rune of Zot
 45584 | D:12     | Escaped the Abyss
 45812 | Shoals:1 | Entered Level 1 of the Shoals
 45960 | Shoals:1 | Noticed Aizul
 45966 | Shoals:1 | Killed Aizul
 46393 | Shoals:1 | Acquired the +0 pair of gloves of the Bagpipe {rPois rC-
                  | Str+4 Int+6}
 46405 | Shoals:1 | Lost mutation: Your body sometimes deteriorates upon taking
                  | damage. [potion of mutation]
 46405 | Shoals:1 | Lost mutation: You passively map a small area around you.
                  | [potion of mutation]
 46405 | Shoals:1 | Lost mutation: You occasionally shout uncontrollably at
                  | your foes. [potion of mutation]
 46405 | Shoals:1 | Lost mutation: You are dopey. (Int -2) [potion of mutation]
 46405 | Shoals:1 | Lost mutation: You are resistant to electric shocks.
                  | (rElec) [potion of mutation]
 46406 | Shoals:1 | Lost mutation: You have a somewhat thin skeletal structure.
                  | (Dex +2, Stealth+) [potion of mutation]
 46406 | Shoals:1 | Lost mutation: Armour fits poorly on your strangely shaped
                  | body. [potion of mutation]
 46406 | Shoals:1 | Lost mutation: You often lose your temper in combat.
                  | [potion of mutation]
 46406 | Shoals:1 | Lost mutation: You sometimes lose the ability to read
                  | scrolls when taking damage. [potion of mutation]
 46406 | Shoals:1 | Gained mutation: You are resistant to electric shocks.
                  | (rElec) [potion of mutation]
 46406 | Shoals:1 | Gained mutation: You have large cloven feet. [potion of
                  | mutation]
 47168 | Shoals:2 | Reached skill level 18 in Dodging
 47168 | Shoals:2 | Reached skill level 15 in Shields
 48229 | Shoals:4 | Entered Level 4 of the Shoals
 48400 | Shoals:4 | Reached XP level 21. HP: 167/167 MP: 38/38
 48479 | Shoals:4 | Reached skill level 15 in Fighting
 48485 | Shoals:4 | Identified the amulet of Jurchen {Faith rC++}
 48580 | Shoals:4 | Got a barnacled rune of Zot
 48864 | Shoals:4 | Identified the +10 dagger "Roskikki" {protect, rCorr}
 49173 | Vaults:1 | Entered Level 1 of the Vaults
 49297 | Vaults:1 | Reached skill level 15 in Invocations
 49337 | Vaults:1 | Reached skill level 15 in Evocations
 49491 | Vaults:1 | Found a transporter.
 49501 | Vaults:1 | Found a transporter.
 50854 | Vaults:2 | Reached XP level 22. HP: 176/176 MP: 35/40
 51047 | Vaults:2 | Identified the +1 leather armour "Fabruqon" {Regen+ Int+2
                  | Stlth+}
 51064 | Vaults:2 | Found Fesiestra's Weapon Emporium.
 51118 | Vaults:2 | Reached skill level 19 in Dodging
 51424 | Vaults:3 | Found a staircase to the Crypt.
 51432 | Vaults:3 | Reached skill level 15 in Short Blades
 52254 | Vaults:3 | Learned a level 5 spell: Blade Hands
 53816 | Vaults:5 | Entered Level 5 of the Vaults
 53819 | Vaults:5 | Noticed a dread lich
 53834 | Vaults:5 | Killed a dread lich
 53845 | Vaults:5 | Noticed a golden dragon
 53851 | Vaults:5 | Reached XP level 23. HP: 85/183 MP: 29/41
 53873 | Vaults:5 | Reached skill level 15 in Long Blades
 53873 | Vaults:5 | Reached skill level 15 in Axes
 53873 | Vaults:5 | Reached skill level 15 in Maces & Flails
 53873 | Vaults:5 | Reached skill level 15 in Polearms
 53873 | Vaults:5 | Reached skill level 15 in Staves
 53873 | Vaults:5 | Reached skill level 15 in Slings
 53873 | Vaults:5 | Reached skill level 15 in Bows
 53873 | Vaults:5 | Reached skill level 15 in Crossbows
 53873 | Vaults:5 | Reached skill level 15 in Throwing
 53873 | Vaults:5 | Reached skill level 15 in Armour
 53873 | Vaults:5 | Reached skill level 15 in Unarmed Combat
 53873 | Vaults:5 | Reached skill level 15 in Spellcasting
 54023 | Vaults:5 | Noticed a golden dragon
 54029 | Vaults:5 | Killed a golden dragon
 54034 | Vaults:5 | Reached skill level 20 in Dodging
 54334 | Vaults:5 | Noticed a dread lich
 54340 | Vaults:5 | Killed a dread lich
 54437 | Vaults:5 | Identified the ring of Qazlal's Whim {rPois rN+ Str+3
                  | Dex-4}
 54441 | Vaults:5 | Identified the +8 flail of Evisceration {antimagic, rElec}
 54790 | Vaults:5 | Reached XP level 24. HP: 193/193 MP: 40/42
 55000 | Vaults:5 | Got the Compendium of Necromancy and Transmutation
 55002 | Vaults:5 | Got a silver rune of Zot
 56237 | Depths:3 | Found a one-way gate leading to the halls of Pandemonium.
 56693 | Depths:3 | Found a sparkling altar of Nemelex Xobeh.
 56784 | Depths:3 | Learned a level 5 spell: Lightning Bolt
 56861 | Depths:3 | Noticed an ancient lich
 56867 | Depths:3 | Killed an ancient lich
 57471 | Depths:4 | Found a gateway to a ziggurat.
 57487 | Depths:4 | You fall into a shaft and drop 1 floor!
 57487 | Depths:5 | Entered Level 5 of the Depths
 57611 | Depths:4 | Noticed Sojobo
 57619 | Depths:4 | Paralysed by an air elemental for 1 turns
 57621 | Depths:4 | Paralysed by an air elemental for 1 turns
 57623 | Depths:4 | Reached skill level 21 in Dodging
 57626 | Depths:4 | Killed Sojobo
 57633 | Depths:4 | Paralysed by a floating eye for 4 turns
 58044 | Depths:4 | Found a one-way gate to the infinite horrors of the Abyss.
 58144 | Depths:4 | Noticed a caustic shrike
 58152 | Depths:4 | Killed a caustic shrike
 58156 | Depths:4 | Reached XP level 25. HP: 201/201 MP: 43/43
 58243 | Depths:4 | Found a runed translucent gate.
 58243 | Depths:4 | Found a runed translucent gate.
 58243 | Depths:4 | Found a runed translucent gate.
 58254 | Depths:4 | Identified the ring "Mukim" {*Corrode rC- Str+7 Slay+4
                  | SInv}
 58256 | Depths:4 | Noticed a juggernaut
 58286 | Depths:4 | Killed a juggernaut
 58300 | Depths:4 | Found a runed translucent gate.
 58300 | Depths:4 | Found a runed translucent gate.
 58300 | Depths:4 | Found a runed translucent gate.
 58302 | Depths:4 | Got the Catalogue of Darkness and Confrontation
 58427 | Depths:4 | Identified the +4 whip of Undoing {vamp, rC+ MP-9 Dex+3
                  | Stlth+}
 58745 | Depths:4 | Found an ancient bone altar of Kikubaaqudgha.
 59625 | Depths:5 | Found a gate to the Realm of Zot.
 60657 | Depths:4 | Learned a level 8 spell: Ignition
 60663 | Depths:4 | Learned a level 5 spell: Silence
 60675 | Zig:1    | Entered Level 1 of a ziggurat
 60692 | Zig:2    | Entered Level 2 of a ziggurat
 60727 | Zig:3    | Entered Level 3 of a ziggurat
 60741 | Zig:3    | Reached XP level 26. HP: 209/209 MP: 43/43
 60752 | Zig:4    | Entered Level 4 of a ziggurat
 60800 | Zig:5    | Entered Level 5 of a ziggurat
 60802 | Zig:5    | Noticed Wiemev the pandemonium lord
 60814 | Zig:5    | Killed Wiemev the pandemonium lord
 60829 | Zig:5    | Identified the +5 short sword of Dibrelyn {freeze, rN+
                  | Int+3 Dex+4 SInv}
 60832 | Zig:5    | Identified the +7 arbalest of Symuekhly {penet, Dex+6}
 60855 | Zig:6    | Entered Level 6 of a ziggurat
 61127 | Zig:7    | Entered Level 7 of a ziggurat
 61197 | Zig:7    | Found the necklace of Bloodlust {*Rage +Rage Will++ Int-3
                  | Slay+6}
 61204 | Zig:7    | Acquired a +1 tower shield of protection
 61241 | Zig:8    | Entered Level 8 of a ziggurat
 61243 | Zig:8    | Noticed an ancient lich
 61245 | Zig:8    | Noticed an ancient lich
 61252 | Zig:8    | Killed an ancient lich
 61252 | Zig:8    | Killed an ancient lich
 61260 | Zig:8    | Found the +3 sling "Punk" {acid, rCorr}
 61312 | Zig:9    | Entered Level 9 of a ziggurat
 61316 | Zig:9    | Noticed an ancient lich
 61328 | Zig:9    | Killed an ancient lich
 61329 | Zig:9    | Reached skill level 22 in Dodging
 61336 | Zig:9    | Reached XP level 27. HP: 212/212 MP: 27/43
 61416 | Zig:10   | Entered Level 10 of a ziggurat
 61463 | Zig:10   | Identified the ring "Ocezalig" {rPois rN+ MP-9 Str+3 Int+6}
 61572 | Zig:11   | Entered Level 11 of a ziggurat
 61817 | Zig:11   | Paralysed by accursed screaming for 1 turns
 61821 | Zig:11   | Paralysed by accursed screaming for 1 turns
 62145 | Zig:11   | Identified the +5 scale mail "Xatwonwo" {Str+3 Stlth+}
 62182 | Zig:11   | Identified the +5 scimitar of the Glimmering Pariah
                  | {vorpal, Contam Int+5}
 62206 | Zig:11   | Learned a level 8 spell: Infestation
 62224 | Zig:12   | Entered Level 12 of a ziggurat
 62230 | Zig:12   | Gained mutation: Your magical capacity is low. (-10% MP) [a
                  | shining eye]
 62231 | Zig:12   | Gained mutation: You sometimes lose the ability to read
                  | scrolls when taking damage. [a shining eye]
 62616 | Zig:12   | Lost mutation: You tend to lose your temper in combat.
                  | [potion of mutation]
 62616 | Zig:12   | Lost mutation: You sometimes lose the ability to read
                  | scrolls when taking damage. [potion of mutation]
 62616 | Zig:12   | Lost mutation: Your magical capacity is low. (-10% MP)
                  | [potion of mutation]
 62616 | Zig:12   | Gained mutation: Your spells are a little harder to cast,
                  | but a little more powerful. [potion of mutation]
 62616 | Zig:12   | Lost mutation: You have large cloven feet. [potion of
                  | mutation]
 62625 | Zig:12   | Identified the +9 whip "Luaph" {flame, *Slow rF+ Will+}
 62630 | Zig:12   | Identified the ring "Jacs" {rPois SInv}
 62692 | Zig:13   | Entered Level 13 of a ziggurat
 62816 | Zig:13   | Identified the +0 helmet of Poim Yne {rPois}
 62837 | Zig:13   | Identified the +10 shortbow "Eherenk" {venom, rN+}
 62885 | Zig:14   | Entered Level 14 of a ziggurat
 62892 | Zig:14   | Found the +7 captain's cutlass {speed, disarm}
 63096 | Zig:14   | Got the Volume of Feathers and the Entourage
 63108 | Zig:14   | Identified the ring of Wusirrumn {rN++ Will- AC+4 Str+3}
 63222 | Zig:15   | Entered Level 15 of a ziggurat
 63258 | Zig:15   | Paralysed by a floating eye for 4 turns
 63397 | Zig:15   | Identified the amulet of Gawnaig {Acrobat rF- Int+4 SInv}
 63493 | Zig:16   | Entered Level 16 of a ziggurat
 63495 | Zig:16   | Noticed an ancient lich
 63498 | Zig:16   | Reached skill level 15 in Conjurations
 63498 | Zig:16   | Reached skill level 15 in Hexes
 63498 | Zig:16   | Reached skill level 15 in Summonings
 63498 | Zig:16   | Reached skill level 15 in Necromancy
 63498 | Zig:16   | Reached skill level 15 in Translocations
 63498 | Zig:16   | Reached skill level 15 in Transmutations
 63498 | Zig:16   | Reached skill level 15 in Fire Magic
 63498 | Zig:16   | Reached skill level 15 in Ice Magic
 63498 | Zig:16   | Reached skill level 15 in Air Magic
 63498 | Zig:16   | Reached skill level 15 in Earth Magic
 63498 | Zig:16   | Reached skill level 15 in Poison Magic
 63499 | Zig:16   | Killed an ancient lich
 63568 | Zig:16   | Learned a level 8 spell: Necromutation
 63655 | Zig:16   | Reached skill level 23 in Dodging
 63746 | Zig:17   | Entered Level 17 of a ziggurat
 63880 | Zig:17   | Found the +5 demon whip "Spellbinder" {antimagic, Will+}
 63887 | Zig:17   | Acquired a staff of fire
 63888 | Zig:17   | Acquired a book of the Dragon
 64155 | Zig:17   | Learned a level 7 spell: Storm Form
 64155 | Zig:17   | Identified the +9 morningstar of Duty {distort, rF+}
 64160 | Zig:17   | Identified the ring of Xiaq {rC+ Int+6 Slay+2}
 64393 | Zig:17   | Learned a level 4 spell: Passage of Golubria
 64394 | Zig:18   | Entered Level 18 of a ziggurat
 64666 | Zig:18   | Got the Catalogue of the Glacier and Earth
 64695 | Zig:18   | Learned a level 2 spell: Sublimation of Blood
 64709 | Zig:19   | Entered Level 19 of a ziggurat
 64718 | Zig:19   | Noticed Bauf the pandemonium lord
 64718 | Zig:19   | Noticed Joat the pandemonium lord
 64718 | Zig:19   | Noticed Qeesiaza the pandemonium lord
 64718 | Zig:19   | Noticed Acevupp the pandemonium lord
 64718 | Zig:19   | Noticed Giklaoll the pandemonium lord
 64718 | Zig:19   | Noticed Doafeo the pandemonium lord
 64718 | Zig:19   | Noticed Oggoz the pandemonium lord
 64718 | Zig:19   | Noticed Xud Piw the pandemonium lord
 64718 | Zig:19   | Noticed Buymusis the pandemonium lord
 64718 | Zig:19   | Noticed Errugg the pandemonium lord
 64718 | Zig:19   | Noticed Ihykhim the pandemonium lord
 64718 | Zig:19   | Noticed Segreuw the pandemonium lord
 64719 | Zig:19   | Noticed Gacvueb the pandemonium lord
 64720 | Zig:19   | Killed Ihykhim the pandemonium lord
 64720 | Zig:19   | Killed Segreuw the pandemonium lord
 64720 | Zig:19   | Killed Qeesiaza the pandemonium lord
 64728 | Zig:19   | Killed Bauf the pandemonium lord
 64729 | Zig:19   | Killed Oggoz the pandemonium lord
 64729 | Zig:19   | Killed Xud Piw the pandemonium lord
 64732 | Zig:19   | Killed Gacvueb the pandemonium lord
 64732 | Zig:19   | Killed Doafeo the pandemonium lord
 64735 | Zig:19   | Killed Buymusis the pandemonium lord
 64736 | Zig:19   | Killed Acevupp the pandemonium lord
 64737 | Zig:19   | Killed Joat the pandemonium lord
 64741 | Zig:19   | Killed Giklaoll the pandemonium lord
 64742 | Zig:19   | Killed Errugg the pandemonium lord
 64824 | Zig:19   | Identified the ring "Quanis" {rPois Will+ Int+6 Dex-3}
 65070 | Zig:20   | Entered Level 20 of a ziggurat
 65091 | Zig:20   | Reached skill level 24 in Dodging
 65151 | Zig:20   | Identified the ring of Plog {Wiz Dex+3}
 65165 | Zig:20   | Identified the +2 spear "Ziehutto" {drain, Fragile rPois
                  | Int+4 Stlth+}
 65176 | Zig:20   | Identified the +5 long sword of Reasonable Absolution
                  | {vorpal, *Slow Dex-4 SInv Stlth+}
 65184 | Zig:20   | Identified the amulet "Qyxir" {Faith Harm Rampage Regen+
                  | Slay-4}
 65262 | Zig:21   | Entered Level 21 of a ziggurat
 65283 | Zig:21   | Paralysed by accursed screaming for 1 turns
 65331 | Zig:21   | Identified the +7 falchion of Dofegiexiss {vorpal, Int+2
                  | Dex+2}
 65347 | Zig:21   | Identified the +2 robe of Jigsaw {Fly Will+}
 65352 | Zig:21   | Identified the +6 quarterstaff "Ozugut" {vorpal, Int+3}
 65354 | Zig:21   | Identified the +2 leather armour of Luenlame {rElec rC+
                  | Str+2}
 65355 | Zig:21   | Identified the +6 flail "Hekiph" {holy, Str+6}
 65356 | Zig:21   | Identified the ring of Orthodoxy {Contam MP+9 Int+7 Dex+6
                  | Stlth+}
 65516 | Zig:22   | Entered Level 22 of a ziggurat
 65631 | Zig:22   | Identified the amulet of Feppom {+Blink Regen+ Dex+6}
 65637 | Zig:22   | Identified the +10 flail of the Morning {holy, rF+ rN+
                  | Dex-2}
 65643 | Zig:22   | Identified the +8 halberd "Biebb" {vorpal, Will+ Str+3}
 65657 | Zig:22   | Got the Collected Works on the Bewitching Glacier
 65679 | Zig:22   | Identified the +1 troll leather armour of Spring {-Tele rC+
                  | Regen+ Slay+2}
 65701 | Zig:23   | Entered Level 23 of a ziggurat
 65748 | Zig:23   | Identified the ring "Diwneej" {rPois Str+6}
 65768 | Zig:23   | Identified the ring of the Scarab {Ice Will++}
 65778 | Zig:23   | Identified the +1 robe "Naliliap" {rC+}
 65787 | Zig:23   | Identified the ring "Wafoety" {rElec rC+ Int+6}
 65949 | Zig:24   | Entered Level 24 of a ziggurat
 66049 | Zig:24   | Identified the +8 whip "Asitetza" {antimagic, *Corrode
                  | rN+++ Str+7}
 66061 | Zig:24   | Identified the +1 scimitar "Osuryqay" {vorpal, rElec}
 66069 | Zig:24   | Reached skill level 25 in Dodging
 66074 | Zig:24   | Got the Compendium of Attacks
 66076 | Zig:24   | Identified the ring of Egalitarianism {rElec rF+ Will+ SInv
                  | Stlth+}
 66248 | Zig:25   | Entered Level 25 of a ziggurat
 66329 | Zig:25   | Identified the amulet "Tuihalu" {Faith rF+ rC+}
 66344 | Zig:25   | Identified the +7 halberd of Red Wine {vorpal, rC++ rN+}
 66346 | Zig:25   | Identified the +9 mace "Qutre" {protect, *Slow rPois Will-
                  | Dex+7}
 66661 | Zig:26   | Entered Level 26 of a ziggurat
 66722 | Zig:26   | Killed from afar by a hellion

Illustrated notes

Levels and vault maps discovered:
D:1:      psy_arrival_terrarium, layout_basic,
          shapermc_ecumenical_altar_pompeii, minmay_3d_cube
D:2:      layout_basic, serial_shops, shop_fountains, kennysheep_nub,
          uniq_sigmund, uniq_jessica
D:3:      cheibrodos_helix_gallery, layout_basic, tgw_kikubaaqudgha,
          serial_shops, nicolae_shop_stone, minivault_4, saegor_snake_ambush
D:4:      layout_rooms, minmay_temple_entry_fiery, kennysheep_generic_room_2,
          uniq_menkaure, uniq_eustachio, uniq_edmund
D:5:      gammafunk_cloud_chamber, layout_rooms
D:6:      layout_loops_ring, grunt_ministairs_3, uniq_crazy_yiuf_cottage
D:7:      layout_basic
D:8:      layout_gridville, erik_lair_island, minmay_manual_maat, uniq_pikel,
          uniq_harold
D:9:      layout_layer_cave, uniq_maurice, uniq_prince_ribbit1, uniq_joseph
D:10:     layout_grid_maze, eino_house_with_fridge
D:11:     layout_big_octagon, zombieorc1_lemuel, okawaru_gym_becter, uniq_grum
D:12:     layout_basic, gammafunk_ghost_nasty_kobolds, uniq_frances
D:13:     layout_grid_maze
D:14:     layout_irregular_city, david_vaults_3, minmay_holes, elyvilon_altar_5
D:15:     gammafunk_depths_entry_grave, layout_long_grid, minmay_orc_keep
Temple:   roderic_octagonal_lattice_temple
Lair:1:   layout_gridlike, grunt_megastairs_4, lemuel_fruit_fields
Lair:2:   layout_long_grid, shoals_dummy_entry, serial_bayou_shore_b,
          grunt_megastairs_3, infiniplex_staircase_pool
Lair:3:   layout_hall_layers, dummy_spider_entry,
          nicolae_lair_grove_arrangements, grunt_forest_stairs_clearing,
          lemuel_fruit_fields, lemuel_fruit_tree
Lair:4:   layout_long_grid, chequers_serial_rivers_small_b, minmay_lindwurm_lava
Lair:5:   layout_long_grid, uniq_snorg, uniq_rupert
Lair:6:   evil_forest, layout_loops_ring, minmay_slime_entry_pillars,
          minmay_shattered_shrine
Shoals:1: layout_shoals, uniq_aizul
Shoals:2: layout_shoals, nicolae_shoals_loop_pool
Shoals:3: layout_shoals, nicolae_shoals_beach_house_on_fowls_legs
Shoals:4: shoals_end_hellmonk_lost_city, serial_shops
Spider:1: layout_spider_delve, drop_trap
Spider:2: layout_spider_delve, uniq_jorgrun, uniq_nikola, uniq_asterion
Spider:3: layout_spider_delve, drop_trap
Spider:4: grunt_spider_rune_parallel, uniq_louise, uniq_bai_suzhen
Orc:1:    cheibrodos_orc_bank, layout_diamond_mine, sword_in_stone
Orc:2:    st_orc_elflike, layout_caves, basic_altar, nicolae_shop_clearance
Elf:1:    elf_arrival_001, layout_gridlike, serial_shops, shop_statue,
          hangedman_elf_represent, corexii_checkpoint_b, eino_tiny_chamber,
          st_stairs_7
Elf:2:    nicolae_elf_blades_splatter_lattice
          [nicolae_blade_entry_floor_patterns], layout_geoelf_grid,
          serial_shops, nicolae_take_the_stairs, shop, shop
Elf:3:    grunt_elf_hall_branching, layout_geoelf_diagonals, basic_altar,
          nicolae_trove_entry_isolated, portal_ice_cave_entry_ice_simulacra
Vaults:1: gammafunk_sealed_arena, ontoclasm_vaults_spin, v_misc_1,
          v_alt_pattern_6, nicolae_vaults_three_branches,
          ontoclasm_vaults_misaligned, vaults_room_semicircle,
          nicolae_vaults_circle_grid_b, nicolae_vaults_border_crossing,
          nicolae_vaults_circle_grid_a, grunt_vaults_twisty,
          ontoclasm_vaults_twist, vaults_dpeg_ring, layout_vaults_omnicross
Vaults:2: grunt_vaults_hallway_long, vaults_room_fours, v_misc_3,
          grunt_vaults_trifunnel, nicolae_vaults_little_squares_2,
          grunt_vaults_hallway_long, nicolae_vaults_windows_and_doors_thing,
          v_misc_26, st_hourglassy, v_misc_22, v_misc_29, layout_vaults_omnibox,
          serial_shops, nicolae_shop_stone
Vaults:3: nicolae_vaults_specimen_jars, nicolae_vaults_yaktaur_gun_rack,
          minmay_crypt_entry_simple_round, nicolae_vaults_big_ls,
          ontoclasm_vaults_gateway, ontoclasm_vaults_shout,
          hangedman_vaults_snaps, v_rooms_5, vaults_room_hallway,
          vaults_standard_mumra_x, vaults_room_grid, v_misc_3,
          layout_vaults_ring
Vaults:4: nicolae_vaults_asterisk, hangedman_vaults_impose,
          vaults_room_door_ring, hangedman_vaults_hat, ontoclasm_vaults_eye,
          nicolae_vaults_shelves_hall, nicolae_vaults_rhombus_6,
          hangedman_vaults_impose, ontoclasm_vaults_chip,
          layout_vaults_quadrants
Vaults:5: serial_shops
Depths:1: layout_gridlike, serial_corexii_hall, corexii_hall_statues_x,
          corexii_hall_statues_x, chequers_hall_statues_corner_a,
          corexii_hall_statues_l, corexii_hall_statues_u,
          corexii_hall_statues_s, pf_hell_entry_great_geh
Depths:2: grunt_twist_and_shout, layout_honeycomb, nrook_pool_corridor,
          serial_shops, kennysheep_mini_moat, grunt_mini_vestibule,
          serial_rivers, chequers_serial_rivers_micro_d,
          chequers_serial_rivers_large_b, chequers_serial_rivers_micro_e,
          chequers_serial_rivers_small_a, chequers_serial_rivers_marsh,
          chequers_serial_rivers_micro_e, hangedman_decor_points,
          infiniplex_staircase_river, minmay_shop_grove
Depths:3: kennysheep_large_spiral, layout_long_grid, rand_demon_pan_entry_3,
          pf_coc_iceberg, nemelex_lonely_heart_becter
Depths:4: kennysheep_treasure_stockpile, layout_basic, enter_ziggurat_a,
          abyss_entry_crystal, hell_entry, kennysheep_donut,
          kiku_gazebo_pond_becter, uniq_sojobo
Depths:5: grunt_x_marks_the_spot, layout_basic, grunt_hell_entry_dis_grunt,
          minmay_misc_feat_room
Zig:26

Skill      XL: |  1  2  3  4  5  6  7  8  9 10 11 12 13 14 15 16 17 18 19 20 21 22 23 24 25 26 27 |
---------------+----------------------------------------------------------------------------------+-----
Stealth        | 10 11 12 13 14 15 16 17 18 21 | 21.2
Long Blades    | 1 2 3 4 5 6 7 8 9 10 11 12 13 14 15 16 19 | 19.8
Axes           | 1 2 3 4 5 6 7 8 9 10 11 12 13 14 15 16 19 | 19.8
Maces & Flails | 1 2 3 4 5 6 7 8 9 10 11 12 13 14 15 16 19 | 19.8
Polearms       | 1 2 3 4 5 6 7 8 9 10 11 12 13 14 15 16 19 | 19.8
Staves         | 1 2 3 4 5 6 7 8 9 10 11 12 13 14 15 16 21 | 21.1
Slings         | 1 2 3 4 5 6 7 8 9 10 11 12 13 14 15 16 19 | 19.8
Bows           | 1 2 3 4 5 6 7 8 9 10 11 12 13 14 15 16 19 | 19.8
Crossbows      | 1 2 3 4 5 6 7 8 9 10 11 12 13 14 15 16 19 | 19.8
Throwing       | 1 2 3 4 5 6 7 8 9 10 11 12 13 14 15 16 19 | 19.8
Armour         | 1 2 3 4 5 6 7 8 9 10 11 12 13 14 15 16 19 | 19.8
Shields        | 1 2 3 4 5 6 7 8 9 10 11 13 14 15 16 17 18 19 20 24 | 24.4
Unarmed Combat | 1 2 3 4 5 6 7 8 9 10 11 12 13 14 15 16 19 | 19.8
Spellcasting   | 1 2 3 4 5 6 7 8 9 10 11 12 13 14 15 16 19 | 19.8
Invocations    | 1 2 3 4 5 6 7 8 9 10 11 12 13 14 15 16 17 18 21 | 21.2
Evocations     | 1 2 3 4 5 6 7 8 9 10 11 12 13 14 15 16 17 18 19 24 | 24.1
Conjurations   | 1 2 3 4 5 6 7 8 9 10 11 12 13 14 17 | 17.1
Hexes          | 1 2 3 4 5 6 7 8 9 10 11 12 13 14 17 | 17.1
Summonings     | 1 2 3 4 5 6 7 8 9 10 11 12 13 14 17 | 17.1
Necromancy     | 1 2 3 4 5 6 7 8 9 10 11 12 13 14 17 | 17.1
Translocations | 1 2 3 4 5 6 7 8 9 10 11 12 13 14 17 | 17.1
Transmutations | 1 2 3 4 5 6 7 8 9 10 11 12 13 14 17 | 17.1
Fire Magic     | 1 2 3 4 5 6 7 8 9 10 11 12 13 14 17 | 17.1
Ice Magic      | 1 2 3 4 5 6 7 8 9 10 11 12 13 14 18 | 18.2
Air Magic      | 1 2 3 4 5 6 7 8 9 10 11 12 13 14 17 | 17.1
Earth Magic    | 1 2 3 4 5 6 7 8 9 10 11 12 13 14 17 | 17.1
Poison Magic   | 1 2 3 4 5 6 7 8 9 10 11 12 13 14 17 | 17.1
Short Blades   | 5 6 7 8 9 10 11 12 13 14 15 16 17 20 | 20.8
Dodging        | 5 6 7 9 10 11 12 13 14 15 16 17 18 19 20 21 22 25 | 25.3
Fighting       | 7 8 9 10 11 12 13 14 15 16 17 20 | 20.5

Action                   |  1- 3 |  4- 6 |  7- 9 | 10-12 | 13-15 | 16-18 | 19-21 | 22-24 | 25-27 || total
-------------------------+-------+-------+-------+-------+-------+-------+-------+-------+-------++-------
Melee: Dagger            |       |    75 |       |     1 |    16 |    21 |       |       |       ||   113
       Bite              |       |    22 |    40 |    91 |   194 |   143 |   159 |   154 |    84 ||   887
       Punch             |       |     1 |       |       |       |       |       |       |     6 ||     7
       Halberd           |       |   142 |    15 |       |       |       |       |       |       ||   157
       Dire flail        |       |       |   220 |   374 |    22 |       |       |       |       ||   616
       Unarmed           |       |       |       |       |   194 |   703 |  1037 |   798 |   501 ||  3233
       Demon trident     |       |       |       |       |   639 |       |       |       |       ||   639
       Whip              |       |       |       |       |    12 |       |       |       |       ||    12
       Demon blade       |       |       |       |       |    97 |       |       |       |       ||    97
       Kick              |       |       |       |       |    26 |   242 |   193 |   341 |   178 ||   980
       Staff             |       |       |       |       |       |     6 |     3 |       |    12 ||    21
       Headbutt          |       |       |       |       |       |       |    28 |       |       ||    28
       Quick blade       |       |       |       |       |       |       |    22 |       |       ||    22
Throw: Javelin           |       |       |       |     2 |       |     7 |     6 |     4 |    27 ||    46
       Dart              |       |       |       |       |       |     4 |       |       |       ||     4
       Throwing net      |       |       |       |       |       |     3 |     1 |       |       ||     4
 Cast: Poisonous Vapours |       |     3 |     2 |    41 |    10 |     6 |       |       |       ||    62
       Olgreb's Toxic Ra |       |       |     1 |    23 |    23 |    19 |     5 |       |       ||    71
       Passwall          |       |       |       |     1 |       |     4 |     2 |     1 |     2 ||    10
       Eringya's Noxious |       |       |       |       |    23 |    26 |    58 |    15 |    19 ||   141
       Statue Form       |       |       |       |       |     3 |    83 |   103 |    53 |    33 ||   275
       Borgnjor's Vile C |       |       |       |       |     7 |     6 |     1 |     1 |     4 ||    19
       Death Channel     |       |       |       |       |       |     1 |       |       |       ||     1
       Starburst         |       |       |       |       |       |     2 |       |       |       ||     2
       Animate Armour    |       |       |       |       |       |       |     8 |     7 |       ||    15
       Apportation       |       |       |       |       |       |       |     9 |       |       ||     9
       Lee's Rapid Decon |       |       |       |       |       |       |     1 |       |       ||     1
       Blade Hands       |       |       |       |       |       |       |       |     5 |       ||     5
       Lightning Bolt    |       |       |       |       |       |       |       |     1 |     1 ||     2
       Ignition          |       |       |       |       |       |       |       |       |    34 ||    34
       Passage of Golubr |       |       |       |       |       |       |       |       |    27 ||    27
       Infestation       |       |       |       |       |       |       |       |       |    21 ||    21
       Necromutation     |       |       |       |       |       |       |       |       |     9 ||     9
       Storm Form        |       |       |       |       |       |       |       |       |     3 ||     3
Invok: Slouch            |       |       |     1 |     2 |     2 |     4 |     5 |     2 |       ||    16
       Bend Time         |       |       |       |       |     1 |     1 |       |     1 |       ||     3
       Step From Time    |       |       |       |       |       |     2 |       |       |       ||     2
       Temporal Distorti |       |       |       |       |       |       |       |     2 |     8 ||    10
 Abil: End Transformatio |       |       |       |       |       |     2 |     6 |     2 |     5 ||    15
Evoke: Wand              |     2 |     1 |    19 |     1 |    10 |    11 |     9 |       |     7 ||    60
       Condenser vane    |       |       |       |       |       |       |     1 |     1 |     2 ||     4
       Tin of tremorston |       |       |       |       |       |       |     1 |     1 |       ||     2
  Use: Scroll            |       |     1 |     8 |     3 |     9 |    16 |    14 |    11 |    27 ||    89
       Potion            |       |     2 |     7 |     1 |     8 |     6 |     7 |     3 |    41 ||    75
 Stab: Sleeping          |       |    30 |     8 |     8 |    31 |    13 |     7 |     5 |     3 ||   105
       Distracted        |       |     1 |     2 |     4 |     2 |     2 |     4 |     1 |     2 ||    18
       Invisible         |       |       |       |     3 |     6 |       |       |       |       ||     9
       Paralysed         |       |       |       |       |     5 |       |       |       |       ||     5
       Held in net/web   |       |       |       |       |       |     2 |       |       |       ||     2
Armor: Leather armour    |       |    37 |     4 |       |       |       |       |       |       ||    41
       Robe              |       |       |    56 |    16 |       |       |     6 |     2 |    11 ||    91
       Pearl dragon scal |       |       |       |    82 |   316 |    41 |    19 |    19 |    12 ||   489
       Skin              |       |       |       |       |    41 |   284 |   414 |   269 |   291 ||  1299
       Troll leather arm |       |       |       |       |       |    33 |    12 |     3 |       ||    48
       Crystal plate arm |       |       |       |       |       |       |    11 |     7 |       ||    18
Dodge: Dodged            |       |   137 |   287 |   433 |  1043 |  1347 |  1947 |  1198 |  1312 ||  7704
Block: Buckler           |       |       |       |       |   574 |   633 |   651 |       |       ||  1858
       Kite shield       |       |       |       |       |       |       |   620 |  1047 |  1042 ||  2709
       Rpst.: Demon blade |       |       |       |       |    15 |       |       |       |       ||    15
